 Dungeon Crawl Stone Soup version 0.18-a0-1773-gec4f98e (webtiles) character file.

359 FrancescoMac the Insei (level 6, -5/32 HPs)
             Began as a Vine Stalker Monk on Apr 14, 2016.
             Was a Believer of Pakellas.
             Slain by a scorpion (9 damage)
             ... on level 5 of the Dungeon.
             The game lasted 00:19:54 (3202 turns).

FrancescoMac the Insei (Vine Stalker Monk)          Turns: 3202, Time: 00:19:54

Health: -5/32      AC:  7    Str: 15    XL:     6   Next: 65%
Magic:  0/7        EV: 14    Int: 10    God:    Pakellas [**....]
Gold:   243        SH:  0    Dex: 17    Spells: 0 memorised, 5 levels left

rFire  . . .     SeeInvis .       - Unarmed
rCold  . . .     Gourm    .     a - +0 robe
rNeg   . . .     Faith    .     (no shield)
rPois  .         Spirit   +     (no helmet)
rElec  .         Dismiss  .     e - +0 cloak
rCorr  .         Reflect  .     y - +0 pair of gloves
SustAt .         Harm     .     h - +2 pair of boots
MR     +....                    (no amulet)
Stlth  +++.......               (no ring)
                                r - ring of protection from magic

@: lethally poisoned (-5 -> -7), somewhat resistant to hostile enchantments,
fairly stealthy
A: fangs 2, regeneration 2, magic shield, antimagic bite, no device heal 3, rot
immunity
a: Quick Charge, Renounce Religion


You were on level 5 of the Dungeon.
You worshipped Pakellas.
Pakellas was pleased with you.
You were not hungry.

You visited 2 branches of the dungeon, and saw 6 of its levels.

You collected 243 gold pieces.

Inventory:

Armour
 a - a +0 robe (worn)
 e - a +0 cloak (worn)
 h - a +2 pair of boots (worn)
 y - a +0 pair of gloves (worn)
Jewellery
 r - a ring of protection from magic (left hand)
Wands
 g - a wand of slowing (33/48)
Scrolls
 c - 5 scrolls of remove curse
 d - 2 scrolls of teleportation
 f - a scroll of recharging
 j - a scroll of blinking
 s - 2 scrolls of fog
 u - 2 scrolls of magic mapping
 v - a scroll of identify
 w - a scroll of enchant armour
Potions
 i - a potion of agility
 k - a potion of lignification
 l - 3 potions of curing
 n - a potion of degeneration
 q - a potion of flight
 t - a potion of invisibility
Miscellaneous
 m - a sack of spiders
Comestibles
 b - 2 bread rations
 o - a royal jelly
 p - a beef jerky
 x - 2 chunks of flesh
 z - a meat ration


   Skills:
 + Level 3.5 Fighting
 + Level 3.6 Dodging
 + Level 4.4 Stealth
 + Level 5.5 Unarmed Combat
 * Level 1.1 Evocations


You had 5 spell levels left.
You didn't know any spells.

Dungeon Overview and Level Annotations

Branches:
Dungeon (5/15)             Temple (1/1) D:4

Altars:
Ashenzari
Cheibriados
Dithmenos
Elyvilon
Fedhas
Gozag
Makhleb
Nemelex Xobeh
Pakellas
Qazlal
Ru
Sif Muna
Trog
Vehumet
Xom
Yredelemnul
Zin
The Shining One


Innate Abilities, Weirdness & Mutations

You have extremely sharp teeth.
You heal very quickly.
When hurt, damage is shared between your health and your magic reserves.
Your bite disrupts and absorbs the magic of your enemies.
Potions and wands cannot restore your health.
You are immune to rotting.


Message History

You hit the scorpion.
The scorpion is moderately wounded.
The scorpion misses you.
You hit the scorpion.
You bite the scorpion, but do no damage.
The scorpion is severely wounded.
The scorpion stings you.
* * * LOW HITPOINT WARNING * * *
You are poisoned.
The scorpion poisons you!
You feel sick.
You feel sick.
Evoke which item? (* to show all) (? for menu, Esc to quit)
Zapping:
g - a wand of slowing (34/48)
Press: ? - help, Shift-Dir - straight line, f - scorpion
Aim: a scorpion (severely wounded, chance to defeat MR: 54%)
The scorpion resists with significant effort.
This wand has 33 charges left.
You feel sick. The scorpion stings you!
You die...
Pakellas says: That's one more possible approach eliminated.

..#########......## .##
#..........## ##
##...........#### #
#...............## ##
#................#
.#######...............##
.....##..#..............#
#####...####..........#.#
##### ###..@s$......#
#.###.#...#.. #.###.#####
######## #..#..#
.......### #.....#
.####....####....### ##
###.........## ###
##......(.##
..####....)###..#


You could see a scorpion.

Vanquished Creatures
  A sky beast (D:5)
  2 hounds (D:4)
  2 orc wizards (D:3)
  A worker ant (D:5)
  3 adders
  6 worms
  4 dart slugs (D:1)
  2 giant geckos
  8 orcs
  A ball python (D:5)
  4 giant cockroaches
  7 goblins
  3 hobgoblins
  9 jackals
  3 quokkas (D:3)
  3 bats
  5 giant newts
  8 kobolds
  A rat (D:1)
73 creatures vanquished.

Vanquished Creatures (others)
  5 toadstools (D:1)
5 creatures vanquished.

Grand Total: 78 creatures vanquished

Notes
Turn   | Place    | Note
--------------------------------------------------------------
     0 | D:1      | FrancescoMac the Vine Stalker Monk began the quest for the Orb.
     0 | D:1      | Reached XP level 1. HP: 11/11 MP: 2/2
   171 | D:1      | Reached XP level 2. HP: 16/16 MP: 3/3
   229 | D:1      | Found a shattered altar of Ashenzari.
   733 | D:2      | Reached XP level 3. HP: 19/19 MP: 4/4
  1146 | D:2      | Reached XP level 4. HP: 15/23 MP: 3/5
  1503 | D:3      | Reached skill level 5 in Unarmed Combat
  1503 | D:3      | Reached XP level 5. HP: 19/28 MP: 4/6
  2207 | D:4      | Found a staircase to the Ecumenical Temple.
  2233 | Temple   | Entered the Ecumenical Temple
  2435 | Temple   | Became a worshipper of Pakellas the Inventive
  2435 | Temple   | Reached * piety under Pakellas
  2435 | Temple   | Received a gift from Pakellas
  2435 | Temple   | Reached ** piety under Pakellas
  2435 | Temple   | Received a gift from Pakellas
  2809 | D:4      | Gained mutation: You heal very quickly. [Vine Stalker growth]
  2809 | D:4      | Reached XP level 6. HP: 32/32 MP: 7/7
  2915 | D:4      | Found a deep blue altar of Sif Muna.
  3008 | D:5      | Entered Level 5 of the Dungeon
  3168 | D:5      | Noticed a sky beast
  3189 | D:5      | Killed a sky beast
  3189 | D:5      | Reached skill level 1 in Evocations
  3202 | D:5      | Slain by a scorpion

Vault maps used:
D:1:      ldierk_walled_garden, ashenzari_altar_1
D:2:      minmay_distorted
D:3:      first_bread, minmay_misc_feat_pillars
D:4:      minmay_temple_entry_water_ring, lemuel_blue_sif_altar
D:5:      minivault_27, nrook_mini_backslash
Temple:   kilobyte_greek_temple_18

Skill      XL: |  1  2  3  4  5  6 |
---------------+-------------------+-----
Stealth        | 3 4 |  4.4
Fighting       | 3 |  3.5
Dodging        | 3 |  3.6
Unarmed Combat | 5 |  5.5
Evocations     | 1 |  1.1

Action                   |  1- 3 |  4- 6 || total
-------------------------+-------+-------++-------
Melee: Unarmed           |   117 |   156 ||   273
       Bite              |    29 |    49 ||    78
       Punch             |     2 |     4 ||     6
Evoke: Wand              |       |     1 ||     1
  Use: Scroll            |       |    13 ||    13
 Stab: Sleeping          |     6 |     8 ||    14
  Eat: Chunk             |     1 |     3 ||     4
       Meat ration       |       |     1 ||     1
Armor: Robe              |    18 |    32 ||    50
Dodge: Dodged            |    58 |    68 ||   126
